 Dungeon Crawl Stone Soup version 0.25.1-2-g60ff931df9 (webtiles) character file.

Game seed: 375046402866161873

2088 solopath the Frost Mage (level 9, 0/64 HPs)
             Began as a Barachi Ice Elementalist on Oct 31, 2020.
             Was a Follower of Cheibriados.
             Killed from afar by an electric eel (13 damage)
             ... with a bolt of electricity
             ... on level 7 of the Dungeon.
             The game lasted 00:16:27 (7875 turns).

solopath the Frost Mage (Barachi Ice Elementalist)  Turns: 7875, Time: 00:16:28

Health: 0/64       AC:  4    Str: 11    XL:     9   Next: 27%
Magic:  22/26      EV: 12    Int: 22    God:    Cheibriados [*.....]
Gold:   129        SH:  0    Dex: 14    Spells: 4/19 levels left

rFire    . . .     SeeInvis .   h - +1 dagger
rCold    . . .     Gourm    .   (no shield)
rNeg     . . .     Faith    .   a - +1 robe
rPois    .         Spirit   .   v - +0 hat
rElec    .         Reflect  .   (no cloak)
rCorr    .         Harm     .   s - +0 pair of gloves
MR       .....                  (no boots)
Stlth    +++.......             (no amulet)
HPRegen  0.20/turn              l - ring of magical power
MPRegen  0.20/turn              (no ring)

@: can't hop, very slow
A: +LOS, swims, slowness 1, strong legs 1
a: Hop, Bend Time, Renounce Religion


You were on level 7 of the Dungeon.
You worshipped Cheibriados.
Cheibriados was aware of your devotion.
You were hungry.

You visited 2 branches of the dungeon, and saw 8 of its levels.

You collected 349 gold pieces.
You spent 220 gold pieces at shops.

Inventory:

Hand Weapons
 h - a +1 dagger (weapon)
Armour
 a - a +1 robe (worn)
 g - a cursed +0 buckler
 s - a +0 pair of gloves (worn)
 u - a +2 buckler
 v - a +0 hat (worn)
 x - a +0 cloak
Magical Staves
 k - an uncursed staff of death
 z - an uncursed staff of conjuration {unknown}
Jewellery
 l - a ring of magical power (left hand)
Wands
 A - a wand of clouds (4)
 B - a wand of polymorph (7)
 G - a wand of flame (25)
Scrolls
 f - 5 scrolls of teleportation
 i - 9 scrolls of identify
 j - 5 scrolls of remove curse
 n - 2 scrolls of enchant armour
 o - a scroll of summoning
 q - 2 scrolls of immolation {unknown}
 t - 2 scrolls of magic mapping {unknown}
 w - a scroll of acquirement {unknown}
 y - 2 scrolls of fog {unknown}
Potions
 b - 4 potions of cancellation
 d - 3 potions of curing
 e - a potion of flight {unknown}
 m - 2 potions of haste
 p - a potion of brilliance
 r - a potion of might {unknown}
 C - a potion of heal wounds
 D - a potion of mutation {unknown}
 E - a potion of invisibility {unknown}
 F - a potion of degeneration {unknown}
 H - a potion of berserk rage {unknown}
Comestibles
 c - 13 rations


   Skills:
 + Level 3.4 Fighting
 + Level 4.7 Short Blades
 - Level 2.1 Dodging
 + Level 5.3 Stealth
 + Level 5.5 Spellcasting
 - Level 2.0 Summonings
 * Level 10.0 Ice Magic


You had 4 spell levels left.
You knew the following spells:

 Your Spells              Type           Power        Failure   Level  Hunger
a - Freeze                Ice            ####         1%          1    None
b - Frozen Ramparts       Ice            ######       1%          3    ##.....
c - Summon Ice Beast      Ice/Summ       ####....     8%          4    ####...
d - Ozocubu's Armour      Chrm/Ice       ####....     3%          3    ##.....
e - Hailstorm             Conj/Ice       ####....     12%         4    ####...

Your spell library contained the following spells:

 Spells                   Type           Power        Failure   Level  Hunger
 Summon Small Mammal      Summ           ###.         4%          1    None
 Animate Skeleton         Necr           N/A          10%         1    None
 Apportation              Tloc           #.....       10%         1    None
 Corona                   Hex            #......      10%         1    None
 Pain                     Necr           #...         10%         1    None
 Vampiric Draining        Necr           #.........   28%         3    ##.....
 Animate Dead             Necr           N/A          67%         4    ####...
 Agony                    Necr           #.......     95%         5    #####..


Dungeon Overview and Level Annotations

Branches:
Dungeon (7/15)             Temple (1/1) D:6

Altars:
Ashenzari
Cheibriados
Dithmenos
Fedhas
Kikubaaqudgha
Makhleb
Nemelex Xobeh
Qazlal
Ru
Sif Muna
Trog
Wu Jian
Yredelemnul
Zin
The Shining One

Shops:
D:6 :

Annotations:
D:3 1 runed translucent door, Crazy Yiuf


Innate Abilities, Weirdness & Mutations

You can be seen from farther away. (+LOS)
You can swim through water.
You cover ground slowly.
You can hop short distances.


Message History

A cannonade of hail descends around you!
The hail pelts the plant!
The plant is lightly damaged.
The hail pelts the plant!
The plant is moderately damaged.
The hail pelts the plant!
The plant is moderately damaged.
The electric eel shoots out a bolt of lightning at you!
The bolt of electricity hits the electric eel.
The electric eel completely resists.
The bolt of electricity misses you.
Unknown command.
Hop to where?
Press: ? - help, Dir - move target cursor Boing!
The electric eel shoots out a bolt of lightning at you!
The bolt of electricity hits you!
* * * LOW HITPOINT WARNING * * *
The electric eel shoots out a bolt of lightning at you!
The bolt of electricity hits the plant.
The bolt of electricity hits you!
You die...

## .. ..# ..O #.# ######
.... #.# ####..... ....#♣#
#.# #........
....≈P≈##.##########.#.####
...♣≈≈≈≈#.#................
...≈≈≈≈≈..#.########.#.####
♣≈P≈P≈.+@.#######.....###
♣≈≈≈≈;○..>...............
♣≈≈≈≈P...♣#######(....###
..≈≈;≈≈...≈≈♣......#.#..# #
.≈≈≈≈≈P≈..P≈P♣######.##.###
♣≈≈≈≈P≈...≈≈≈♣ .....<.....#
♣≈≈≈≈≈≈....P≈♣ #.###.##.#.#
♣P≈≈≈≈♣...P≈P♣ ......#..
♣≈P≈≈≈≈..≈P≈♣♣ ..######...


You could see 2 electric eels.

Vanquished Creatures
  Joseph (D:7)
  A hippogriff (D:7)
  Menkaure (D:7)
  Edmund (D:4)
  An orc warrior (D:7)
  An ogre (D:4)
  3 bullfrogs (D:6)
  2 scorpions
  5 killer bees (D:7)
  A howler monkey (D:6)
  2 jellies
  A crimson imp (D:5)
  A bullfrog zombie (D:5)
  A quasit (D:5)
  4 hounds
  2 orc wizards (D:6)
  2 orc priests
  A bullfrog skeleton (D:6)
  2 iguanas
  5 worker ants
  A hound skeleton (D:4)
  A howler monkey zombie (D:5)
  A worker ant zombie (D:5)
  4 adders
  2 shadow imps (D:5)
  An ooze (D:2)
  An adder zombie (D:6)
  A worm (D:2)
  A dart slug (D:1)
  3 leopard geckos
  21 orcs
  5 giant cockroaches
  10 goblins
  9 hobgoblins
  6 jackals
  5 kobolds
  2 quokkas
  2 ball python zombies (D:5)
  7 bats
  4 frilled lizards
  A jackal skeleton (D:4)
  A jackal zombie (D:5)
  A leopard gecko skeleton (D:6)
  A leopard gecko zombie (D:5)
  2 rats (D:1)
131 creatures vanquished.

Vanquished Creatures (collateral kills)
  An orc (D:7)
1 creature vanquished.

Vanquished Creatures (others)
  A fungus (D:6)
  A plant (D:7)
2 creatures vanquished.

Grand Total: 134 creatures vanquished

Notes
Turn   | Place    | Note
-------+----------+-------------------------------------------
     0 | D:1      | solopath the Barachi Ice Elementalist began the quest for
                  | the Orb.
     0 | D:1      | Reached XP level 1. HP: 13/13 MP: 3/3
    90 | D:1      | Reached skill level 5 in Ice Magic
   117 | D:1      | Reached XP level 2. HP: 4/19 MP: 0/5
  1283 | D:2      | Reached XP level 3. HP: 22/24 MP: 2/6
  1288 | D:2      | Learned a level 3 spell: Frozen Ramparts
  1752 | D:2      | Found a basalt altar of Yredelemnul.
  1810 | D:2      | Reached XP level 4. HP: 30/30 MP: 6/8
  2088 | D:2      | Found an ancient bone altar of Kikubaaqudgha.
  2088 | D:2      | Found a bloodstained altar of Trog.
  2600 | D:3      | Learned a level 4 spell: Summon Ice Beast
  2698 | D:3      | Reached skill level 6 in Ice Magic
  3065 | D:3      | Found a runed translucent door.
  3066 | D:3      | Noticed Crazy Yiuf
  3318 | D:4      | Found a shadowy altar of Dithmenos.
  3329 | D:4      | Reached XP level 5. HP: 33/35 MP: 9/9
  3421 | D:4      | Reached skill level 1 in Short Blades
  3539 | D:4      | Reached XP level 6. HP: 34/41 MP: 11/11
  3616 | D:4      | Reached skill level 7 in Ice Magic
  3623 | D:4      | Got a warped leather armour
  3634 | D:4      | Identified the cursed +0 leather armour of Creativity
                  | {Dex+2} (You found it on level 4 of the Dungeon)
  4033 | D:4      | Noticed Edmund
  4047 | D:4      | Killed Edmund
  4047 | D:4      | Reached XP level 7. HP: 29/46 MP: 13/13
  4388 | D:5      | Entered Level 5 of the Dungeon
  4514 | D:5      | Found a shattered altar of Ashenzari.
  4547 | D:5      | Reached skill level 8 in Ice Magic
  5163 | D:5      | Reached skill level 1 in Summonings
  5488 | D:5      | Found a stormy altar of Qazlal.
  5644 | D:6      | Found a blossoming altar of Fedhas.
  5644 | D:6      | Found a stormy altar of Qazlal.
  5657 | D:6      | Reached XP level 8. HP: 52/52 MP: 14/14
  5770 | D:6      | Learned a level 3 spell: Ozocubu's Armour
  5775 | D:6      | Learned a level 4 spell: Hailstorm
  5842 | D:6      | Found a staircase to the Ecumenical Temple.
  5850 | Temple   | Entered the Ecumenical Temple
  5996 | Temple   | Became a worshipper of Cheibriados the Contemplative
  6565 | D:6      | Found Fuliekk's Book Boutique.
  6568 | D:6      | Bought a book of Cantrips for 220 gold pieces
  6572 | D:6      | Reached skill level 1 in Fighting
  6604 | D:6      | Reached skill level 9 in Ice Magic
  6844 | D:7      | Reached skill level 5 in Spellcasting
  6845 | D:7      | Reached * piety under Cheibriados
  7116 | D:7      | Noticed Joseph
  7164 | D:7      | Killed Joseph
  7164 | D:7      | Reached skill level 5 in Stealth
  7164 | D:7      | Reached XP level 9. HP: 62/62 MP: 16/16
  7210 | D:7      | Noticed Menkaure
  7232 | D:7      | Killed Menkaure
  7511 | D:7      | Reached skill level 10 in Ice Magic
  7597 | D:7      | Found a sacrificial altar of Ru.
  7875 | D:7      | Killed from afar by an electric eel

Illustrated notes

Levels and vault maps discovered:
D:1:      minmay_arrival_radiant_lines, layout_basic, minmay_pentomino_x2
D:2:      layout_loops_corners, gammafunk_temple_overflow_statue,
          yredelemnul_altar_generic
D:3:      layout_basic, minivault_24, uniq_crazy_yiuf_cottage
D:4:      kennysheep_the_goblin_king, layout_rooms, grunt_dithmenos_smoke,
          first_ration, uniq_edmund
D:5:      layout_cave_pools, ashenzari_conservatory_becter, serial_undead,
          serial_undead_d, serial_undead_c, serial_undead_c, serial_undead_f,
          serial_bayou_pond_e, nicolae_qazlal_eye_of_the_storm
D:6:      layout_basic, grunt_temple_overflow_forces_of_nature,
          minmay_temple_entry_gardened_gates, serial_shops,
          nicolae_shop_behind_doors, serial_bayou_pond_d
D:7:      layout_basic, hangedman_ru_absence, old_standard_altar, serial_bayou,
          serial_bayou_lagoon_b, serial_bayou_pond_d, serial_bayou_ford_a,
          serial_bayou_pond_d, uniq_menkaure, uniq_joseph
Temple:   minmay_temple_forest_path

Skill      XL: |  1  2  3  4  5  6  7  8  9 |
---------------+----------------------------+-----
Ice Magic      | 5 6 7 8 9 10 | 10.0
Stealth        | 2 3 4 5 |  5.3
Spellcasting   | 3 4 5 |  5.5
Short Blades   | 1 2 3 4 |  4.7
Summonings     | 1 2 |  2.0
Fighting       | 2 3 |  3.4
Dodging        | |  2.1

Action                   |  1- 3 |  4- 6 |  7- 9 || total
-------------------------+-------+-------+-------++-------
Melee: Unarmed           |     5 |       |       ||     5
       Club              |     2 |       |       ||     2
       Dagger            |    28 |    36 |   110 ||   174
 Cast: Freeze            |    30 |    38 |    45 ||   113
       Frozen Ramparts   |     1 |    10 |    25 ||    36
       Summon Ice Beast  |       |       |     2 ||     2
       Ozocubu's Armour  |       |       |     1 ||     1
       Hailstorm         |       |       |     1 ||     1
 Abil: Hop               |       |     2 |     5 ||     7
  Use: Scroll            |       |     8 |     1 ||     9
       Potion            |       |       |     4 ||     4
 Stab: Sleeping          |       |     7 |     6 ||    13
  Eat: Chunk             |     4 |     8 |    13 ||    25
Armor: Robe              |     8 |     3 |    22 ||    33
Dodge: Dodged            |    32 |    45 |   110 ||   187
